 Dungeon Crawl Stone Soup version 0.25-a0-890-g62861fb (webtiles) character file.

Game seed: 7925403685242478217, levelgen mode: deterministic

105 BlueFish the Insei (level 4, -1/28 HPs)
             Began as an Octopode Transmuter on May 2, 2020.
             Slain by a gnoll
             ... wielding a +0 spear
              (5 damage)
             ... on level 3 of the Dungeon on May 3, 2020.
             The game lasted 00:03:59 (1794 turns).

BlueFish the Insei (Octopode Transmuter)            Turns: 1794, Time: 00:04:00

Health: -1/28      AC:  1    Str: 10    XL:     4   Next: 83%
Magic:  7/7        EV: 13    Int: 15    God:
Gold:   114        SH:  0    Dex: 12    Spells: 4/7 levels left

rFire    . . .     SeeInvis .     - Unarmed
rCold    . . .     Gourm    .   (no shield)
rNeg     . . .     Faith    .   (helmet restricted)
rPois    .         Spirit   .   g - amulet of magic regeneration
rElec    .         Reflect  .   j - ring of flight
rCorr    .         Harm     .   (no ring)
MR       .....                  (no ring)
Stlth    +++.......             (no ring)
HPRegen  0.09/turn              (no ring)
MPRegen  0.35/turn              (no ring)
                                (no ring)
                                (no ring)

@: appendage (expiring)
A: almost no armour, stealthy swim, amphibious, 8 rings, constrict 8, tentacle
spike 3, camouflage 1, gelatinous body 1
a: End Transformation, Evoke Flight


You were on level 3 of the Dungeon.
You were not hungry.
One of your tentacles had a temporary spike.
You visited 1 branch of the dungeon, and saw 3 of its levels.

You collected 114 gold pieces.

Inventory:

Missiles
 a - 36 arrows
Jewellery
 g - an amulet of magic regeneration (around mantle)
 j - a ring of flight (left tentacle)
Potions
 b - a potion of lignification {unknown}
 d - a potion of berserk rage
 e - a potion of might {unknown}
 f - a potion of ambrosia
 h - a potion of haste {unknown}
Comestibles
 c - 5 rations
 i - 2 chunks of flesh


   Skills:
 * Level 1.6 Fighting
 * Level 2.3 Dodging
 * Level 1.8 Stealth
 * Level 4.0 Unarmed Combat
 + Level 2.3 Spellcasting
 * Level 2.8 Transmutations


You had 4 spell levels left.
You knew the following spells:

 Your Spells              Type           Power        Failure   Level  Hunger
a - Beastly Appendage     Tmut           ##....       7%          1    #......
b - Sticks to Snakes      Tmut           ##......     11%         2    ###....

Your spell library contained the following spells:

 Spells                   Type           Power        Failure   Level  Hunger
 Foxfire                  Conj/Fire      #...         22%         1    #......
 Spider Form              Tmut/Pois      #.........   36%         3    ###....
 Conjure Flame            Conj/Fire      #.......     54%         3    ###....
 Inner Flame              Hex/Fire       #.......     54%         3    ###....
 Ice Form                 Ice/Tmut       #.......     77%         4    #####..
 Sticky Flame             Conj/Fire      #.......     91%         4    #####..
 Blade Hands              Tmut           ##........   88%         5    ######.
 Fireball                 Conj/Fire      #.........   99%         5    ######.


Dungeon Overview and Level Annotations

Branches:
Dungeon (3/15)

Altars:
Trog
Uskayaw


Innate Abilities, Weirdness & Mutations

You cannot wear most types of armour.
You are very stealthy in the water. (Stealth+)
You are amphibious.
You can wear up to eight rings at the same time.
You can use your tentacles to constrict eight enemies at once.
Your skin changes colour to match your surroundings (Stealth+).
Your rubbery body absorbs attacks. (AC +1, EV +1)
One of your tentacles bears a large vicious spike.


Message History

The gnoll is severely wounded.
You constrict the gnoll. The gnoll barely misses you.
You tentacle-slap the gnoll.
You kill the gnoll!
Your Unarmed Combat skill increases to level 4!
The gnoll hits you from afar with a +0 spear!
* * * LOW HITPOINT WARNING * * *
The gnoll barely misses you.
Items here: )) †† a +0 whip; a +0 spear; a gnoll corpse x2
You barely miss the gnoll. Your grab misses the gnoll.
Your tentacle spike misses the gnoll.
The gnoll closely misses you.
You tentacle-slap the gnoll. Your grab misses the gnoll.
The gnoll is moderately wounded.
The gnoll barely misses you.
You tentacle-slap the gnoll but do no damage.
You grab the gnoll.
The gnoll is moderately wounded.
You constrict the gnoll. The gnoll hits you with a +0 spear.
You die...

****** ,,,,,* ,,,,,* ### ###
,,,,,* ######.###.# *,,*,***
#...#.#_#.#. ,,,,,,,*
##.##.###.### ,,,,,*,*
#..######## #
,,,*,*,**############.######.####
*,**,*,,,......g@......[.........
*,,,,,,**###################.....
*,****,********###...........####
*** *>,,,,,,,,......[)..).......
****,********###.#########.####
*,,,,******** *,* ##....#
*,,,,,,,,,,,****,* #......
*,,,,,,,,,,,,,,,,* #.#####
*****,,,,,,,****** #.# #


You could see a gnoll.

Vanquished Creatures
  A howler monkey (D:2)
  3 gnolls (D:3)
  A worm (D:2)
  A dart slug (D:1)
  An orc (D:3)
  A giant cockroach (D:3)
  5 goblins
  4 hobgoblins
  3 ball pythons
  7 bats
  3 frilled lizards
  9 kobolds
  A rat (D:3)
40 creatures vanquished.

Notes
Turn   | Place    | Note
-------+----------+-------------------------------------------
     0 | D:1      | BlueFish the Octopode Transmuter began the quest for the
                  | Orb.
     0 | D:1      | Reached XP level 1. HP: 13/13 MP: 3/3
   204 | D:1      | Reached XP level 2. HP: 18/18 MP: 3/5
   213 | D:1      | Learned a level 2 spell: Sticks to Snakes
   693 | D:1      | Reached skill level 1 in Stealth
   693 | D:1      | Reached XP level 3. HP: 23/23 MP: 6/6
   743 | D:2      | Found a hide-covered altar of Uskayaw.
   936 | D:2      | Reached XP level 4. HP: 15/28 MP: 5/7
  1389 | D:2      | Found a bloodstained altar of Trog.
  1767 | D:3      | Found a faded altar of an unknown god.
  1790 | D:3      | Reached skill level 4 in Unarmed Combat
  1794 | D:3      | Slain by a gnoll

Levels and vault maps discovered:
D:1:      dpeg_arrival_orchard, layout_basic
D:2:      layout_basic, nicolae_overflow_crystal_walls, minivault_25,
          chequers_serial_rivers_large_a, trog_three_pillars_becter
D:3:      layout_basic, chequers_ecumenical_altar_twisty

Skill      XL: |  1  2  3  4 |
---------------+-------------+-----
Stealth        | 1 |  1.8
Unarmed Combat | 4 |  4.0
Fighting       | |  1.6
Dodging        | |  2.3
Spellcasting   | |  2.3
Transmutations | |  2.8

Action                   |  1- 3 |  4- 6 || total
-------------------------+-------+-------++-------
Melee: Unarmed           |    45 |    33 ||    78
       Tentacles         |    11 |     4 ||    15
       Constrict         |    14 |    10 ||    24
       Kick              |    11 |     6 ||    17
       Punch             |     1 |       ||     1
 Cast: Beastly Appendage |    16 |     7 ||    23
  Use: Scroll            |     2 |     2 ||     4
 Stab: Sleeping          |     3 |     1 ||     4
  Eat: Chunk             |       |     3 ||     3
Armor: Skin              |     3 |     2 ||     5
Dodge: Dodged            |    25 |    23 ||    48

Table legend:
 A = Non-vault XP
 B = Vault XP
 C = Vault XP percentage of total XP
 D = Non-vault monster count
 E = Vault monster count
 F = Vault count percentage of total count
                 A         B        C        D         E       F
            +---------+---------+-------+---------+---------+-------
      Total |     151 |       0 |   0.0 |      40 |       0 |   0.0
            +---------+---------+-------+---------+---------+-------
        D:1 |      34 |       0 |   0.0 |      24 |       0 |   0.0
        D:2 |      67 |       0 |   0.0 |       9 |       0 |   0.0
        D:3 |      50 |       0 |   0.0 |       7 |       0 |   0.0
            +---------+---------+-------+---------+---------+-------
